 Dungeon Crawl Stone Soup version 0.26-a0-651-gb41185065b (webtiles) character file.

Game seed: 14022914319479782567

1580 Arthanis the Cleaver (level 8, -6/51 HPs)
             Began as a Gargoyle Berserker on Oct 31, 2020.
             Was an Elder of Trog.
             Mangled by an orc warrior
             ... wielding a +0 war axe
              (10 damage)
             ... on level 7 of the Dungeon.
             The game lasted 00:05:26 (5814 turns).

Arthanis the Cleaver (Gargoyle Berserker)           Turns: 5814, Time: 00:05:27

Health: -6/51      AC: 20    Str: 21    XL:     8   Next: 91%
Magic:  8/8        EV:  8    Int: 10    God:    Trog [****..]
Gold:   335        SH:  0    Dex:  9    Spells: 7/7 levels left

rFire    . . .     SeeInvis .   z - +1 hand axe (flame)
rCold    . . .     Faith    .   (no shield)
rNeg     + + .     Spirit   .   k - +0 chain mail
rPois    ∞         Reflect  .   (no helmet)
rElec    +         Harm     .   (no cloak)
rCorr    .         Rampage  .   q - +0 pair of gloves
MR       ++...                  (no boots)
Stlth    ..........             (no amulet)
HPRegen  1.17/turn              m - ring of positive energy
MPRegen  0.11/turn              A - +4 ring of protection

@: berserk cooldown, regenerating, slowed, very slow
A: negative energy resistance 1, electricity resistance, unbreathing,
petrification resistance, rot immunity, AC +5
a: Berserk, Trog's Hand, Brothers in Arms, Renounce Religion


You were on level 7 of the Dungeon.
You worshipped Trog.
Trog was greatly pleased with you.
You visited 1 branch of the dungeon, and saw 7 of its levels.

You collected 335 gold pieces.

Inventory:

Hand Weapons
 a - a +1 short sword of electrocution
 b - a +0 hand axe
 p - a +2 dagger of freezing
 z - a +1 hand axe of flaming (weapon)
 C - a +0 spear
Missiles
 D - 2 throwing nets (quivered)
Armour
 k - a +0 chain mail (worn)
 q - a +0 pair of gloves (worn)
 x - a +0 animal skin
Jewellery
 m - a ring of positive energy (left hand)
 t - an uncursed ring of resist corrosion
 A - a +4 ring of protection (right hand)
Wands
 r - a wand of enslavement (8)
 E - a wand of disintegration (12)
 F - a wand of flame (15)
Scrolls
 c - 3 scrolls of teleportation {unknown}
 d - 3 scrolls of enchant weapon {unknown}
 f - a scroll of amnesia {unknown}
 g - a scroll of blinking {unknown}
 i - 3 scrolls of remove curse {unknown}
 o - 4 scrolls of identify {unknown}
 y - 2 scrolls of fear {unknown}
Potions
 e - 2 potions of magic {unknown}
 h - 3 potions of haste {unknown}
 j - a potion of invisibility {unknown}
 l - 3 potions of curing {unknown}
 n - 2 potions of mutation {unknown}
 s - 3 potions of heal wounds {unknown}
 u - 4 potions of lignification {unknown}
 v - a potion of might {unknown}
 w - a potion of flight {unknown}
 B - a potion of resistance {unknown}
 G - 3 potions of degeneration {unknown}


   Skills:
 + Level 5.6 Fighting
 - Level 0.6 Short Blades
 * Level 8.4 Axes
 + Level 5.2 Armour
 - Level 2.0 Dodging
 - Level 1.4 Stealth


You had 7 spell levels left.
You didn't know any spells.
Your spell library was empty.

Dungeon Overview and Level Annotations

Branches:
Dungeon (7/15)             Temple (0/1) D:4

Altars:
Cheibriados
Kikubaaqudgha
Okawaru
Vehumet
Xom


Innate Abilities, Weirdness & Mutations

You are resistant to torment.
Your stone body is resilient. (AC +5)
You are immune to poison.
You resist negative energy. (rN+)
You are resistant to electric shocks. (rElec)
You can survive without breathing.
You are immune to petrification.
You are immune to rotting.


Message History

The orc warrior is moderately wounded.
The orc warrior hits you with a +0 war axe!
* * * LOW HITPOINT WARNING * * *
You barely miss the orc warrior.
The orc warrior is moderately wounded.
The orc warrior hits you with a +0 war axe.
* * * LOW HITPOINT WARNING * * *
The orc warrior hits you but does no damage.
Things that are here:
a +0 chain mail; an orc corpse
Things that are here:
a +4 trident; a +0 robe The orc warrior hits you but does no damage.
Your skin crawls.
You feel resistant to hostile enchantments.
The orc warrior closely misses you.
The orc warrior hits you with a +0 war axe!
* * * LOW HITPOINT WARNING * * *
The orc warrior hits you with a +0 war axe!
You die...

#....)# #
#)# #>
#[#
#.##)#
#..).#
###).#
#..#
#.o##
#..@#
#.#.#
...#.#
#####.#
#.#
.######.#
.......<#
.########


You could see an orc warrior.

Vanquished Creatures
  2 ogres
  A phantom (D:6)
  5 centaurs (D:6)
  A water moccasin zombie (D:6)
  A scorpion (D:4)
  3 wights (D:7)
  A quasit (D:5)
  A hound (D:5)
  A gnoll shaman (D:5)
  8 worker ants
  2 iguanas
  2 orc wizards
  A howler monkey zombie (D:5)
  A worker ant zombie (D:6)
  8 gnolls
  8 adders
  2 ufetubi (D:5)
  An ooze (D:1)
  An adder skeleton (D:5)
  2 worms (D:2)
  2 dart slugs (D:2)
  2 leopard geckos
  18 orcs
  2 bat skeletons (D:4)
  4 bat zombies (D:4)
  A giant cockroach (D:2)
  11 goblins
  6 hobgoblins
  6 jackals
  2 quokkas
  7 bats
  5 frilled lizards
  7 kobolds
  A leopard gecko skeleton (D:6)
  8 rats
134 creatures vanquished.

Vanquished Creatures (others)
  An ogre (D:4)
  A howler monkey (D:4)
  2 quokkas (D:4)
  A frilled lizard (D:4)
5 creatures vanquished.

Grand Total: 139 creatures vanquished

Notes
Turn   | Place    | Note
-------+----------+-------------------------------------------
     0 | D:1      | Arthanis the Gargoyle Berserker began the quest for the
                  | Orb.
     0 | D:1      | Reached XP level 1. HP: 14/14 MP: 1/1
   126 | D:1      | Reached skill level 3 in Axes
   177 | D:1      | Reached XP level 2. HP: 19/19 MP: 2/2
   696 | D:1      | Reached XP level 3. HP: 19/23 MP: 3/3
  1602 | D:2      | Reached XP level 4. HP: 29/29 MP: 4/4
  1731 | D:2      | Reached ** piety under Trog
  1731 | D:2      | Reached skill level 4 in Axes
  2122 | D:2      | Found a snail-covered altar of Cheibriados.
  2703 | D:3      | Reached XP level 5. HP: 29/33 MP: 5/5
  3117 | D:4      | Found a staircase to the Ecumenical Temple.
  3122 | D:4      | Killed an ogre
  3202 | D:4      | Reached skill level 5 in Axes
  3275 | D:4      | Reached XP level 6. HP: 26/38 MP: 6/6
  3437 | D:4      | Reached skill level 1 in Stealth
  3441 | D:4      | Reached *** piety under Trog
  3928 | D:4      | Reached skill level 6 in Axes
  3945 | D:4      | Found a shimmering altar of Xom.
  4146 | D:4      | Found an ancient bone altar of Kikubaaqudgha.
  4235 | D:5      | Entered Level 5 of the Dungeon
  4241 | D:5      | Reached XP level 7. HP: 43/43 MP: 7/7
  4513 | D:5      | Found an iron altar of Okawaru.
  4891 | D:6      | Reached skill level 7 in Axes
  4973 | D:6      | Reached XP level 8. HP: 28/48 MP: 8/8
  5351 | D:6      | Reached skill level 5 in Fighting
  5465 | D:6      | Reached skill level 8 in Axes
  5616 | D:6      | Reached **** piety under Trog
  5781 | D:7      | Reached skill level 5 in Armour
  5793 | D:7      | Found a radiant altar of Vehumet.
  5812 | D:7      | HP: 1/51 [orc warrior/+0 war axe (9)]
  5814 | D:7      | Mangled by an orc warrior

Illustrated notes

Levels and vault maps discovered:
D:1:      minmay_arrival_nine_rooms, layout_loops_corners
D:2:      layout_basic, cheibriados_altar_1, minmay_misc_feat_diagonals,
          grunt_decor_fettered, minmay_misc_feat_enclosed
D:3:      layout_loops_cross
D:4:      layout_cave_pools, xom_confusion_cloud, kennysheep_vampire_church,
          minmay_temple_entry_drinking_statues
D:5:      layout_rooms, okawaru_trees_2
D:6:      layout_basic
D:7:      layout_loops_ring, lemuel_round_altar, nicolae_gozag_seed_capital,
          bloody_trog, old_standard_altar, ashenzari_conservatory_becter,
          uniq_pikel

Skill      XL: |  1  2  3  4  5  6  7  8 |
---------------+-------------------------+-----
Axes           | 3 4 5 6 7 8 |  8.4
Dodging        | 2 |  2.0
Stealth        | 1 |  1.4
Fighting       | 4 5 |  5.6
Armour         | 3 4 5 |  5.2
Short Blades   | |  0.6

Action                   |  1- 3 |  4- 6 |  7- 9 || total
-------------------------+-------+-------+-------++-------
Melee: Hand axe          |   107 |   236 |   184 ||   527
       Short sword       |       |    25 |       ||    25
Invok: Berserk           |     2 |     3 |     3 ||     8
       Trog's Hand       |       |       |     1 ||     1
Armor: Animal skin       |    44 |    10 |       ||    54
       Chain mail        |       |   146 |   175 ||   321
Dodge: Dodged            |    92 |   105 |    96 ||   293

Table legend: (Time is in decaauts)
 A = Elapsed time spent in this place.
 B = Non-inter-level travel time spent in this place.
 C = Inter-level travel time spent in this place.
 D = Time resting spent in this place.
 E = Time spent auto-exploring this place.
 F = Levels seen in this place.
 G = Mean time per level.
                   A        B        C        D        E       F      G
               +--------+--------+--------+--------+--------+-----+--------+
         Total |   5896 |   5769 |    127 |      0 |   4738 |   7 |  842.3 |
       Dungeon |   5896 |   5769 |    127 |      0 |   4738 |   7 |  842.3 |
               +--------+--------+--------+--------+--------+-----+--------+

Top non-repeatable levels by time:
     D:1: 1459 daAuts
     D:4: 1150 daAuts
     D:2: 1110 daAuts
     D:6: 920 daAuts
     D:5: 633 daAuts
     D:3: 572 daAuts
     D:7: 49 daAuts
